 Dungeon Crawl Stone Soup version 0.28-a0-863-g8cecda6153 (webtiles) character file.

Game seed: 12291687078892390462

196 cheechan the Chopper (level 5, 0/50 HPs)
             Began as a Naga Fighter on Nov 18, 2021.
             Slain by Ijyb (1 damage)
             ... on level 3 of the Dungeon.
             The game lasted 00:10:31 (3027 turns).

cheechan the Chopper (Naga Fighter)                 Turns: 3027, Time: 00:10:31

Health: 0/50       AC:  7    Str: 18    XL:     5   Next: 75%
Magic:  5/5        EV:  7    Int:  9    God:
Gold:   143        SH:  4    Dex: 11    Spells: 4/4 levels left

rFire   . . .      SeeInvis +   a - +0 war axe
rCold   . . .      Faith    .   c - +0 buckler
rNeg    . . .      Spirit   .   b - +0 scale mail
rPois   +          Reflect  .   k - +1 helmet
rElec   .          Harm     .   (no cloak)
rCorr   .          Rampage  .   (no gloves)
Will    .....                   (no barding)
Stlth   ..........              (no amulet)
HPRegen 0.16/turn               (no ring)
MPRegen 0.09/turn               (no ring)

@: short of breath, very slow
A: AC +1, large, see invisible, deformed body, poison resistance, slowness 2,
spit poison 1, naga tail 1
a: Spit Poison


You were on level 3 of the Dungeon.
You visited 1 branch of the dungeon, and saw 3 of its levels.

You collected 143 gold pieces.

Inventory:

Hand Weapons
 a - a +0 war axe (weapon)
 e - a +2 short sword of venom
 g - a +0 hunting sling
Missiles
 f - 6 bolts
 m - 3 boomerangs
 n - 15 arrows
Armour
 b - a +0 scale mail (worn)
 c - a +0 buckler (worn)
 k - a +1 helmet (worn)
Scrolls
 o - a scroll of fear {unknown}
Potions
 d - a potion of might
 h - a potion of flight {unknown}
 i - a potion of brilliance {unknown}
 j - a potion of haste {unknown}


   Skills:
 + Level 3.8 Fighting
 + Level 3.9 Axes
 + Level 3.2 Armour
 + Level 0.4 Dodging
 + Level 2.9 Shields


You had 4 spell levels left.
You didn't know any spells.
Your spell library contained the following spells:

 Spells                   Type           Power      Damage    Failure   Level
 Foxfire                  Conj/Fire      0%         2x1d4     77%         1
 Conjure Flame            Conj/Fire      0%         6-21      98%         3
 Gell's Gravitas          Tloc           0%         N/A       98%         3
 Inner Flame              Hex/Fire       0%         N/A       98%         3
 Lesser Beckoning         Tloc           0%         N/A       98%         3
 Teleport Other           Tloc           0%         N/A       98%         3
 Flame Wave               Conj/Fire      0%         3d3       100%        4


Dungeon Overview and Level Annotations

Branches:
Dungeon (3/15)

Altars:
Elyvilon

Annotations:
D:3 Ijyb


Innate Abilities, Weirdness & Mutations

Your serpentine skin is tough. (AC +1)
You have supernaturally acute eyesight. (SInv)
Armour fits poorly on your strangely shaped body.
Your system is resistant to poisons. (rPois)
You cover ground very slowly.
You can spit poison.
You have a snake-like lower body.


Message History

Aim: Ijyb, wielding a +0 dagger, wearing a +0 scale mail and carrying a wand of iceblast (12)
The splash of poison misses Ijyb.
Unknown command.
Ijyb zaps a wand.
The mass of ice explodes!
The iceblast engulfs you.
* * * LOW HITPOINT WARNING * * *
Ijyb hits you but does no damage. Ijyb hits you with a +0 dagger.
* * * LOW HITPOINT WARNING * * *
You see here a book of Flames.
You closely miss Ijyb. You hit the jackal.
You kill the jackal!
Ijyb hits you with a +0 dagger.
* * * LOW HITPOINT WARNING * * *
You hit Ijyb.
Ijyb is lightly wounded.
Ijyb hits you with a +0 dagger.
* * * LOW HITPOINT WARNING * * *
Okay, then.
Throw: throwing net
Press: ? - help, Q - select action, (/) - cycle Shift-Dir - straight line, f/p - Ijyb
Aim: Ijyb, wielding a +0 dagger, wearing a +0 scale mail and carrying a wand of iceblast (11) (lightly wounded, 52% to hit)
You throw a throwing net. The throwing net barely misses Ijyb.
You have got your breath back.
Ijyb barely misses you.
Abil: Spit Poison
Press: ? - help, Q - select action, (/) - cycle Shift-Dir - straight line, f/p - Ijyb
Aim: Ijyb, wielding a +0 dagger, wearing a +0 scale mail and carrying a wand of iceblast (11) (lightly wounded)
The splash of poison hits Ijyb but does no damage.
Ijyb is poisoned.
Ijyb is lightly wounded.
Ijyb hits you but does no damage.
You hit Ijyb.
Ijyb is moderately wounded.
Ijyb hits you with a +0 dagger.
* * * LOW HITPOINT WARNING * * *
Ijyb barely misses you.
You closely miss Ijyb.
Ijyb is moderately wounded.
Ijyb screams, "Me stronger than you!" Ijyb hits you with a +0 dagger.
You die...

..............
...h........#
.......†..#
#.....#####
##.........#######
#......)).........
###......))†.#######
#..†.#####.###
#..#@.# #..# #. #g##
##... .. #.# #....
#. #.# ....# .. .(.
###..# . .## #.# .
.. ..


You could see Ijyb (poisoned).

Vanquished Creatures
  2 orc wizards (D:3)
  Robin (D:2)
  3 adders (D:2)
  A worm (D:2)
  2 dart slugs (D:1)
  8 orcs (D:3)
  6 endoplasms
  2 giant cockroaches
  17 goblins
  7 hobgoblins
  9 jackals
  2 kobolds
  5 quokkas
  6 ball pythons
  3 bats
  4 frilled lizards
  6 rats
84 creatures vanquished.

Notes
Turn   | Place    | Note
-------+----------+-------------------------------------------
     0 | D:1      | cheechan the Naga Fighter began the quest for the Orb.
     0 | D:1      | Reached XP level 1. HP: 21/21 MP: 1/1
   115 | D:1      | Reached XP level 2. HP: 13/28 MP: 2/2
   812 | D:1      | Reached XP level 3. HP: 30/34 MP: 3/3
   864 | D:1      | Found a faded altar of an unknown god.
  1451 | D:2      | Reached XP level 4. HP: 27/44 MP: 4/4
  1812 | D:2      | Noticed Robin
  1844 | D:2      | Killed Robin
  2411 | D:3      | Reached XP level 5. HP: 22/50 MP: 5/5
  2773 | D:3      | Found a white marble altar of Elyvilon.
  3017 | D:3      | Noticed Ijyb
  3023 | D:3      | HP: 2/50 [Ijyb (5)]
  3027 | D:3      | Slain by Ijyb

Illustrated notes

Levels and vault maps discovered:
D:1:      nagdon_arrival_zigzag_paths, layout_basic, basic_ecumenical_altar
D:2:      layout_basic, dk_noncrumbling_4, minmay_mini_jars, uniq_robin
D:3:      layout_rooms, lightli_temple_of_fire, marbit_many_paths, uniq_ijyb

Skill      XL: |  1  2  3  4 |
---------------+-------------+-----
Axes           | 3 |  3.9
Armour         | 3 |  3.2
Fighting       | |  3.8
Dodging        | |  0.4
Shields        | |  2.9

Action                   |  1- 3 |  4- 6 || total
-------------------------+-------+-------++-------
Melee: War axe           |    70 |   107 ||   177
Throw: Throwing net      |       |     1 ||     1
 Abil: Spit Poison       |     6 |    11 ||    17
  Use: Scroll            |     1 |     2 ||     3
       Potion            |       |     1 ||     1
Armor: Scale mail        |    55 |    70 ||   125
Dodge: Dodged            |    42 |    40 ||    82
Block: Buckler           |    20 |    24 ||    44

Table legend: (Time is in decaauts)
 A = Elapsed time spent in this place.
 B = Non-inter-level travel time spent in this place.
 C = Inter-level travel time spent in this place.
 D = Time resting spent in this place.
 E = Time spent auto-exploring this place.
 F = Levels seen in this place.
 G = Mean time per level.
                   A        B        C        D        E       F      G
               +--------+--------+--------+--------+--------+-----+--------+
         Total |   3768 |   3768 |      0 |   1067 |      0 |   3 | 1256.0 |
       Dungeon |   3768 |   3768 |      0 |   1067 |      0 |   3 | 1256.0 |
               +--------+--------+--------+--------+--------+-----+--------+

Top non-repeatable levels by time:
     D:2: 1610 daAuts
     D:1: 1437 daAuts
     D:3: 721 daAuts
